 Dungeon Crawl Stone Soup version 0.17-a0-2231-gd80ca38 (webtiles) character file.

54 Raultor the Vexing (level 3, 0/21 HPs)
             Began as an Octopode Enchanter on Oct 29, 2015.
             Killed from afar by Natasha (8 damage)
             ... with a wand of magic darts
             ... on level 2 of the Dungeon.
             The game lasted 00:03:27 (1084 turns).

Raultor the Vexing (Octopode Enchanter)             Turns: 1084, Time: 00:03:28

Health: 0/21       AC:  1    Str:  7    XL:     3   Next: 91%
Magic:  0/6        EV: 12    Int: 18    God:
Gold:   91         SH:  0    Dex: 12    Spells: 2 memorised, 3 levels left

rFire  . . .     SeeInvis .     l - +1 dagger (venom)
rCold  . . .     Clarity  .     (no shield)
rNeg   . . .     SustAt   .     (helmet restricted)
rPois  .         Gourm    .     d - amulet of guardian spirit
rElec  .         Spirit   +     (no ring)
rCorr  .         Warding  .     (no ring)
rMut   .         Stasis   .     (no ring)
MR     .....                    (no ring)
Stlth  ++++......               (no ring)
                                (no ring)
                                (no ring)
                                (no ring)

@: very slightly contaminated, slowed, very slow, not resistant to hostile
enchantments, stealthy
A: almost no armour, amphibious, 8 rings, constrict 8, camouflage 1, gelatinous
body 1
a: no special abilities


You were on level 2 of the Dungeon.
You were not hungry.

You visited 1 branch of the dungeon, and saw 2 of its levels.

You collected 91 gold pieces.

Inventory:

Hand Weapons
 a - a +1 dagger
 l - a +1 dagger of venom (weapon)
Missiles
 h - a throwing net (quivered)
Jewellery
 d - an amulet of guardian spirit (around mantle)
 n - an uncursed ring of fire {unknown}
Scrolls
 i - a scroll of blinking {unknown}
 m - a scroll of teleportation {unknown}
 p - a scroll of fear {unknown}
 s - a scroll of magic mapping {unknown}
Potions
 e - a potion of agility {unknown}
 f - 3 potions of curing {unknown}
 g - a potion of lignification {unknown}
 j - a potion of degeneration {unknown}
 k - 2 potions of flight {unknown}
 r - a potion of haste {unknown}
Books
 b - a book of Maledictions

   Spells                             Type                      Level
   a - Corona                         Hexes                        1
   b - Ensorcelled Hibernation        Hexes/Ice                    2
   c - Confuse                        Hexes                        3
   d - Tukima's Dance                 Hexes                        3
   e - Dazzling Spray                 Conjuration/Hexes            3
Comestibles
 c - 2 bread rations
 o - a chunk of flesh
 q - a meat ration


   Skills:
 - Level 1.0 Short Blades
 - Level 2.0 Dodging
 - Level 4.0 Stealth
 - Level 2.0 Spellcasting
 + Level 4.6 Hexes


You had 3 spell levels left.
You knew the following spells:

 Your Spells              Type           Power        Failure   Level  Hunger
a - Corona                Hex            ###....      2%          1    #......
b - Ensorcelled Hibernat  Hex/Ice        ##....       12%         2    ###....


Dungeon Overview and Level Annotations

Branches:
Dungeon (2/15)

Altars:

Annotations:
D:2 Natasha


Innate Abilities, Weirdness & Mutations

You cannot wear most types of armour.
You are amphibious.
You can wear up to eight rings at the same time.
You can use your tentacles to constrict eight enemies at once.
Your skin changes colour to match your surroundings (Stealth).
Your rubbery body absorbs attacks (AC +1).


Message History

Press: ? - help, Shift-Dir - straight line, f/p - Natasha
Aim: Natasha, carrying a wand of magic darts {zapped: 1} (chance to defeat MR: 41%)
You miscast Ensorcelled Hibernation.
You are very lightly contaminated with residual magic.
Nothing appears to happen.
The giant newt misses you.
Natasha stares at thin air and mumbles some strange words.
A cloud of flames roars to life!
Unknown command.
Casting: Ensorcelled Hibernation
Confirm with . or Enter, or press ? or * to list all spells.
You don't have enough magic to cast that spell.
You closely miss Natasha. Your grab misses Natasha. The giant newt bites you.
Natasha casts a spell at you.
You feel yourself slow down.
You hit Natasha but do no damage. Your grab misses Natasha.
The giant newt closely misses you.
Natasha zaps a wand.
The magic dart hits you! The giant newt closely misses you.
You barely miss Natasha. Your grab misses Natasha.
Natasha zaps a wand.
The magic dart hits you!
You die...

. . # .#. ##+# ... ##
##...# #.# #. #.....# ###
#.# #. ...?...## ##.###.#
#.
........####...##.#####.
.......l'ยง.......>......
.!....h@####...##.#####.
g.....<## ##.###.# ##
#.....# ### #.# # ##..?#
#.# # ##+# #.# # #.# #
..# # .## # #


You could see Natasha, a hobgoblin (sleeping) and a giant newt.

Vanquished Creatures
  3 adders (D:2)
  2 giant geckos (D:1)
  9 bats
  A giant cockroach (D:2)
  4 goblins
  A hobgoblin (D:2)
  A ball python (D:2)
  5 kobolds
  4 rats
30 creatures vanquished.

Notes
Turn   | Place    | Note
--------------------------------------------------------------
     0 | D:1      | Raultor the Octopode Enchanter began the quest for the Orb.
     0 | D:1      | Reached XP level 1. HP: 11/11 MP: 3/3
   281 | D:1      | Reached XP level 2. HP: 12/17 MP: 5/5
   294 | D:1      | Learned a level 2 spell: Ensorcelled Hibernation
   839 | D:2      | Reached XP level 3. HP: 21/21 MP: 6/6
  1077 | D:2      | Noticed Natasha
  1084 | D:2      | Killed from afar by Natasha

Vault maps used:
D:1:      minmay_arrival_stair_chambers, serial_curves, eino_curves_04,
          eino_curves_02
D:2:      first_bread, uniq_natasha

Action                   || total
-------------------------++-------
Melee: Dagger            ||    44
 Cast: Ensorcelled Hiber ||     5
 Stab: Sleeping          ||    18
  Eat: Chunk             ||     1
